 Dungeon Crawl Stone Soup version 0.31-a0-222-gefeffbb62a (webtiles) character file.

Game seed: 563937180678337018

1460 qw the Cleaver (level 8, -2/51 HPs)
             Began as a Gargoyle Fighter on July 5, 2023.
             Killed from afar by Dowan (4 damage)
             ... with a puff of frost
             ... on level 6 of the Dungeon.
             The game lasted 00:02:49 (5569 turns).

qw the Cleaver (Gargoyle Fighter)                   Turns: 5569, Time: 00:02:49

Health: -2/51      AC: 18    Str: 22    XL:     8   Next: 76%
Magic:  0/8        EV:  6    Int: 11    God:
Gold:   228        SH:  4    Dex:  7    Spells: 7/7 levels left

rFire   . . .        Y - +0 war axe
rCold   + . .        c - +0 buckler
rNeg    + . .        o - +0 plate armour
rPois   inf          b - +0 helmet "Zekkimp" {rElec rC+ Int+2 Dex-2}
rElec   +            (no cloak)
rCorr   +            (no gloves)
SInv    .            (no boots)
Will    +....        l - amulet of guardian spirit Stlth
                     i - ring of resist corrosion
HPRegen 0.28/turn    k - ring of willpower
MPRegen 0.11/turn

%: guardian spirit
@: no status effects
A: sickness immunity, AC +5, negative energy resistance 1, electricity
resistance, torment resistance 1, petrification resistance
a: no special abilities


You were on level 6 of the Dungeon.
You visited 2 branches of the dungeon, and saw 7 of its levels.

You collected 228 gold pieces.


Innate Abilities, Weirdness & Mutations

You are immune to sickness and miasma.
Your stone body is resilient. (AC +5)
You are immune to poison.
You resist negative energy. (rN+)
You are resistant to electric shocks. (rElec)
You are resistant to unholy torment.
You are immune to petrification.


   Skills:
 - Level 6.2 Fighting
 - Level 8.1 Axes
 + Level 4.7 Armour
 - Level 1.2 Dodging
 - Level 3.2 Shields


You had 7 spell levels left.
You didn't know any spells.
Your spell library was empty.

Inventory:

Hand Weapons
 s - a +0 flail
 Y - a +0 war axe (weapon)
Armour
 b - the +0 helmet "Zekkimp" (worn) {rElec rC+ Int+2 Dex-2}
   (You acquired it on level 5 of the Dungeon)

   Int:       It affects your intelligence (+2).
   Dex:       It affects your dexterity (-2).
   rC:        It protects you from cold.
   rElec:     It insulates you from electricity.
 c - a +0 buckler (worn)
 o - a +0 plate armour (worn)
 p - the +5 pair of boots of the Spheres {Harm Rampage Slay+2}
   (You found it on level 3 of the Dungeon)

   Slay:      It affects your accuracy & damage with ranged weapons and melee
   (+2).
   Harm:      It increases damage dealt and taken.
   Rampage:   It bestows one free step when moving towards enemies.
Jewellery
 i - a ring of resist corrosion (left hand)
 k - a ring of willpower (right hand)
 l - an amulet of guardian spirit (around neck)
Scrolls
 h - a scroll of identify
 r - a scroll of torment {unknown}
Potions
 a - a potion of enlightenment
 d - 2 potions of might
 e - a potion of brilliance {unknown}
 f - a potion of curing
 g - a potion of magic
 j - a potion of cancellation {unknown}
 m - a potion of degeneration {unknown}
 q - a potion of lignification

Dungeon Overview and Level Annotations

Branches:
Dungeon (6/15)             Temple (1/1) D:4

Altars:
Ashenzari
Cheibriados
Dithmenos
Elyvilon
Fedhas
Gozag
Hepliaklqana
Kikubaaqudgha
Makhleb
Nemelex Xobeh
Qazlal
Ru
Trog
Uskayaw
Vehumet
Xom
Yredelemnul
Zin
The Shining One

Annotations:
D:5 2 transporters, qw's ghost, novice GrHu
D:6 Dowan; Duvessa


Message History

Dowan barely misses you. The ogre hits you but does no damage.
You barely miss the ogre.
The ogre is almost dead.
You closely miss Dowan. Dowan barely misses you.
You slash the ogre!
You kill the ogre!
You closely miss Dowan.
Your surroundings seem slightly different.
You hit Duvessa but do no damage. You block Duvessa's attack.
You barely miss Dowan. You hit Duvessa but do no damage.
Duvessa hits you but does no damage. You block Dowan's attack.
You barely miss Dowan. You hit Duvessa. Duvessa hits you but does no damage.
Dowan hits you but does no damage.
You barely miss Duvessa.
Duvessa is lightly wounded.
You completely miss Dowan. Duvessa hits you with a +0 short sword.
Dowan points at you and mumbles some strange words.
You block the puff of frost.
You barely miss Duvessa.
Duvessa is lightly wounded.
You barely miss Dowan. Duvessa hits you with a +0 short sword.
Dowan casts a spell at Duvessa.
Duvessa seems to speed up.
You hit Duvessa but do no damage.
Duvessa is lightly wounded.
You barely miss Dowan. Duvessa hits you but does no damage.
Dowan hits you but does no damage.
Duvessa gestures with her weapon.
Duvessa hits you with a +0 short sword!
You slash Duvessa!
Duvessa is moderately wounded.
You hit Dowan. You block Duvessa's attack.
Dowan gestures at you while chanting. The puff of frost hits you. You resist.
You die...

# ###.####.# ## #.
#...#
....#.####.######.
#......%#......
......#......#.#
##... #.##.#..!#
#..# #.#....#.# #.
#.###.##.# .
#%.he@)..#
......)#.e#####
<#...#?.#.#
..$.#.....#
.####...#.# #h....
#..### ..#


You could see Duvessa (fast), a black bear and Dowan.

Vanquished Creatures
  A black bear (D:5)
  3 ogres
  2 phantoms (D:4)
  A bullfrog (D:6)
  2 scorpions (D:5)
  A water moccasin skeleton (D:4)
  A bullfrog zombie (D:4)
  A jelly (D:4)
  4 hounds
  2 iguanas
  An orc priest (D:5)
  2 sleepcaps
  Terence (D:3)
  3 scorpion zombies (D:4)
  A hound zombie (D:4)
  11 gnolls
  7 adders
  A shadow imp (D:6)
  3 white imps
  3 adder zombies (D:4)
  2 adder skeletons (D:4)
  4 worms
  3 dart slugs
  7 orcs
  7 endoplasms
  5 giant cockroaches
  9 goblins
  6 hobgoblins
  4 jackals
  4 quokkas
  7 ball pythons
  2 bats (D:1)
  6 frilled lizards
  8 kobolds
  4 rats
129 creatures vanquished.

Notes
Turn   | Place    | Note
-------+----------+-------------------------------------------
     0 | D:1      | qw the Gargoyle Fighter began the quest for the Orb.
     0 | D:1      | Reached XP level 1. HP: 14/14 MP: 1/1
     0 | D:1      | 0 ||| qw: Version: 0.3-a-46-gb1f654a
     0 | D:1      | 0 ||| qw: Game counter: 1018
     0 | D:1      | 0 ||| qw: Melee chars always use a shield: true
     0 | D:1      | 0 ||| qw: God list: Okawaru
     0 | D:1      | 0 ||| qw: Allow faded altars: false
     0 | D:1      | 0 ||| qw: Do Orc after clearing Dungeon:15 true
     0 | D:1      | 0 ||| qw: Do second Lair branch before Depths: true
     0 | D:1      | 0 ||| qw: Lair rune preference: random
     0 | D:1      | 0 ||| qw: Goals: Normal, Zot:1-4, Slime:5, God:TSO, Crypt,
                  | Tomb, Abyss, Pan, Hells, Win
     0 | D:1      | 0 ||| PLANNING D:1-11
    69 | D:1      | Reached skill level 2 in Axes
   229 | D:1      | 229 ||| Stepping ~*~*~tactically~*~*~ (hiding).
   231 | D:1      | 231 ||| Stepping ~*~*~tactically~*~*~ (hiding).
   240 | D:1      | Reached XP level 2. HP: 19/19 MP: 2/2
   434 | D:1      | 434 ||| Stepping ~*~*~tactically~*~*~ (stealth).
   457 | D:1      | 457 ||| Stepping ~*~*~tactically~*~*~ (stealth).
   481 | D:1      | 481 ||| Stepping ~*~*~tactically~*~*~ (hiding).
   482 | D:1      | 482 ||| Stepping ~*~*~tactically~*~*~ (hiding).
   483 | D:1      | 483 ||| Stepping ~*~*~tactically~*~*~ (hiding).
   484 | D:1      | 484 ||| Stepping ~*~*~tactically~*~*~ (hiding).
   492 | D:1      | Reached skill level 3 in Axes
   492 | D:1      | Reached XP level 3. HP: 8/23 MP: 3/3
   695 | D:1      | 695 ||| DROPPING +0 club.
   720 | D:1      | 720 ||| Stepping ~*~*~tactically~*~*~ (hiding).
   721 | D:1      | 721 ||| Stepping ~*~*~tactically~*~*~ (hiding).
   792 | D:1      | 792 ||| DROPPING +0 whip.
   921 | D:1      | Found a faded altar of an unknown god.
  1030 | D:1      | 1030 ||| UPGRADING to ring of resist corrosion.
  1031 | D:1      | 1031 ||| UPGRADING to ring of willpower.
  1032 | D:1      | 1032 ||| READING scroll labelled SABIN JAYZUTAR.
  1033 | D:1      | 1033 ||| READING scroll labelled LEUB VIEMA.
  1335 | D:2      | Reached XP level 4. HP: 26/28 MP: 4/4
  1369 | D:2      | Reached skill level 4 in Axes
  1923 | D:2      | 1923 ||| DROPPING +6 ring of intelligence.
  1924 | D:2      | 1924 ||| READING 2 scrolls labelled NONACUT LABEP.
  1925 | D:2      | 1925 ||| READING scroll labelled FUCRAO QASHRI.
  1926 | D:2      | 1926 ||| DRINKING 2 murky black potions.
  2047 | D:3      | Identified the +5 pair of boots of the Spheres {Harm
                  | Rampage Slay+2}
  2116 | D:3      | 2116 ||| Stepping ~*~*~tactically~*~*~ (hiding).
  2132 | D:3      | Found a blossoming altar of Fedhas.
  2287 | D:3      | Reached XP level 5. HP: 22/32 MP: 5/5
  2353 | D:3      | 2353 ||| DROPPING +0 mace.
  2648 | D:3      | Noticed Terence
  2652 | D:3      | HP: 8/32 [Terence/+0 falchion (5)]
  2658 | D:3      | HP: 5/32 [Terence/+0 falchion (4)]
  2660 | D:3      | Killed Terence
  2661 | D:3      | Reached skill level 5 in Axes
  2824 | D:3      | 2824 ||| Stepping ~*~*~tactically~*~*~ (hiding).
  2836 | D:3      | HP: 4/32 [gnoll/+0 mace (6)]
  3075 | D:3      | 3075 ||| UPGRADING to +0 plate armour.
  3085 | D:3      | 3085 ||| DROPPING +0 scale mail.
  3086 | D:3      | 3086 ||| UPGRADING to amulet of guardian spirit.
  3091 | D:3      | 3091 ||| READING scroll labelled PAONAI UZXY.
  3094 | D:3      | 3094 ||| READING scroll labelled YPPUPTUTZEBRA.
  3195 | D:3      | 3195 ||| DRINKING 2 ruby potions.
  3202 | D:3      | 3202 ||| DROPPING potion of ambrosia.
  3235 | D:4      | 3235 ||| STAIRDANCE
  3272 | D:4      | 3272 ||| STAIRDANCE
  3291 | D:4      | Reached XP level 6. HP: 38/38 MP: 6/6
  3306 | D:4      | 3306 ||| Stepping ~*~*~tactically~*~*~ (hiding).
  3308 | D:4      | 3308 ||| Stepping ~*~*~tactically~*~*~ (hiding).
  3550 | D:4      | Found a staircase to the Ecumenical Temple.
  3551 | D:4      | 3551 ||| PLANNING TEMPLE
  3573 | D:4      | 3573 ||| Stepping ~*~*~tactically~*~*~ (hiding).
  3574 | D:4      | 3574 ||| Stepping ~*~*~tactically~*~*~ (hiding).
  3575 | D:4      | 3575 ||| Stepping ~*~*~tactically~*~*~ (hiding).
  3605 | D:4      | Reached skill level 6 in Axes
  3695 | D:4      | Reached XP level 7. HP: 43/43 MP: 5/7
  3792 | D:4      | 3792 ||| READING 2 scrolls labelled USINET HASENE.
  3793 | D:4      | 3793 ||| READING scroll labelled USSEOCV JUEJIS.
  3794 | D:4      | 3794 ||| DRINKING 2 bubbling black potions.
  3828 | D:4      | 3828 ||| DROPPING scroll of fear.
  3878 | D:4      | 3878 ||| Stepping randomly (stuck).
  3879 | D:4      | 3879 ||| Stepping randomly (stuck).
  3880 | D:4      | 3880 ||| Stepping randomly (stuck).
  3881 | D:4      | 3881 ||| Stepping randomly (stuck).
  3906 | Temple   | Entered the Ecumenical Temple
  3906 | Temple   | Found a transporter.
  3906 | Temple   | Found a transporter.
  3908 | Temple   | Found a transporter.
  3908 | Temple   | Found a transporter.
  3918 | Temple   | 3918 ||| PLANNING D:1-11
  4000 | D:4      | Reached skill level 7 in Axes
  4424 | D:4      | 4424 ||| READING scroll labelled DIRISE QAFU.
  4425 | D:4      | 4425 ||| DRINKING 2 blue potions.
  4426 | D:4      | 4426 ||| READING 2 scrolls of identify.
  4426 | D:4      | 4426 ||| IDENTIFYING orange potion
  4579 | D:5      | Entered Level 5 of the Dungeon
  4609 | D:5      | 4609 ||| Stepping ~*~*~tactically~*~*~ (stealth).
  4612 | D:5      | 4612 ||| Stepping ~*~*~tactically~*~*~ (hiding).
  4615 | D:5      | 4615 ||| Stepping ~*~*~tactically~*~*~ (hiding).
  4700 | D:5      | Reached skill level 1 in Dodging
  4702 | D:5      | Found a shadowy altar of Dithmenos.
  4723 | D:5      | Reached XP level 8. HP: 48/49 MP: 8/8
  4731 | D:5      | HP: 12/49 [black bear (3)]
  4732 | D:5      | 4732 ||| READING 2 scrolls of teleportation.
  4875 | D:5      | Found a transporter.
  4889 | D:5      | 4889 ||| Stepping ~*~*~tactically~*~*~ (hiding).
  5039 | D:5      | Reached skill level 8 in Axes
  5220 | D:5      | Found a transporter.
  5220 | D:5      | Identified the +8 giant spiked club of Moxas {heavy, Dex+5}
  5220 | D:5      | Noticed qw's ghost (novice GrHu)
  5299 | D:5      | 5299 ||| Stepping ~*~*~tactically~*~*~ (stealth).
  5448 | D:5      | 5448 ||| READING scroll labelled UQITTA JEERROU.
  5448 | D:5      | Identified a scroll of acquirement
  5448 | D:5      | 5448 ||| ACQUIRING +0 helmet "Zekkimp" {rElec rC+ Int+2
                  | Dex-2}
  5448 | D:5      | Acquired the +0 helmet "Zekkimp" {rElec rC+ Int+2 Dex-2}
  5450 | D:5      | 5450 ||| UPGRADING to +0 helmet "Zekkimp" {rElec rC+ Int+2
                  | Dex-2}.
  5550 | D:6      | Noticed Duvessa
  5553 | D:6      | Reached skill level 6 in Fighting
  5553 | D:6      | Noticed Dowan
  5558 | D:6      | HP: 9/51 [ogre/+0 giant spiked club (17)]
  5559 | D:6      | 5559 ||| READING scroll of teleportation.
  5566 | D:6      | HP: 10/51 [Duvessa/+0 short sword (1)]
  5568 | D:6      | HP: 2/51 [Duvessa/+0 short sword (8)]
  5569 | D:6      | Killed from afar by Dowan

Levels and vault maps discovered:
D:1:      kennysheep_arrival_seaside, layout_loops_cross,
          shapermc_ecumenical_altar_mp_urbaneastern
D:2:      layout_basic, serial_park_tiny_pond, grunt_decor_clamped, st_stairs_4,
          kennysheep_another_room
D:3:      layout_loops_corners, fedhas_ov_isle_minmay, uniq_terence
D:4:      layout_basic, temple_pool_b, serial_undead, serial_undead_c,
          serial_undead_a, serial_undead_a, serial_undead_e, serial_undead_d,
          serial_undead_a
D:5:      layout_cave_pools, nicolae_dithmenos_the_darkroom,
          gammafunk_ghost_smash, serial_park, serial_park_fountain,
          serial_park_gazebo [serial_park_minivault_5x5_3], serial_park_tiny_1
D:6:      layout_basic, mainiacjoe_overflow_alcove_1, serial_park_tiny_pond,
          uniq_duvessa
Temple:   hellmonk_temple_divided_pantheon

Skill      XL: |  1  2  3  4  5  6  7  8 |
---------------+-------------------------+-----
Axes           | 2 3 4 5 6 7 8 |  8.1
Fighting       | 4 5 6 |  6.2
Dodging        | 1 |  1.2
Armour         | 4 |  4.7
Shields        | |  3.2

Action                     |  1- 3 |  4- 6 |  7- 9 || total
---------------------------+-------+-------+-------++-------
  Melee: War axe           |   128 |   150 |   165 ||   443
    Use: Scroll            |     2 |     4 |     7 ||    13
         Potion            |       |     2 |     2 ||     4
 Armour: Scale mail        |    54 |    33 |       ||    87
         Plate armour      |       |    66 |   119 ||   185
  Dodge: Dodged            |    53 |    52 |    56 ||   161
  Block: Buckler           |    28 |    27 |    28 ||    83

Table legend:
 A = Non-vault XP
 B = Vault XP
 C = Vault XP percentage of total XP
 D = Non-vault monster count
 E = Vault monster count
 F = Vault count percentage of total count
                 A         B        C        D         E       F
            +---------+---------+-------+---------+---------+-------
      Total |    1551 |     536 |  25.7 |     108 |      21 |  16.3
            +---------+---------+-------+---------+---------+-------
        D:1 |      53 |       0 |   0.0 |      26 |       0 |   0.0
        D:2 |      74 |       8 |   9.8 |      21 |       3 |  12.5
        D:3 |     145 |      36 |  19.9 |      18 |       1 |   5.3
        D:4 |     204 |     462 |  69.4 |      17 |      13 |  43.3
        D:5 |     849 |      30 |   3.4 |      22 |       4 |  15.4
        D:6 |     226 |       0 |   0.0 |       4 |       0 |   0.0
            +---------+---------+-------+---------+---------+-------
